 Dungeon Crawl Stone Soup version 0.26-a0-651-gb41185065b (webtiles) character file.

Game seed: 16728118454626957663

(classic levelgen) 46 EnegeticOcto the Covered (level 3, -11/34 HPs)
             Began as a Deep Dwarf Fighter on Oct 17, 2020.
             Mangled by an ogre
             ... wielding a +0 giant spiked club
              (14 damage)
             ... on level 4 of the Dungeon.
             The game lasted 00:00:27 (471 turns).

EnegeticOcto the Covered (Deep Dwarf Fighter)        Turns: 471, Time: 00:00:28

Health: -11/34     AC:  7    Str: 20    XL:     3   Next: 44%
Magic:  3/3        EV:  7    Int:  8    God:
Gold:   54         SH: 11    Dex: 12    Spells: 2/2 levels left

rFire    . . .     SeeInvis .   a - +0 war axe
rCold    . . .     Faith    +   j - +2 kite shield
rNeg     . . .     Spirit   .   b - +0 scale mail
rPois    .         Reflect  .   (no helmet)
rElec    .         Harm     .   (no cloak)
rCorr    .         Rampage  .   (no gloves)
MR       .....                  (no boots)
Stlth    ..........             f - amulet of faith
HPRegen  0.00/turn              (no ring)
MPRegen  0.08/turn              (no ring)

@: non-regenerating
A: damage resistance, heal wounds, sense surroundings 1, no regeneration
a: Heal Wounds


You were on level 4 of the Dungeon.
You visited 1 branch of the dungeon, and saw 4 of its levels.

You collected 54 gold pieces.

Inventory:

Hand Weapons
 a - a +0 war axe (weapon)
Armour
 b - a +0 scale mail (worn)
 j - a +2 kite shield (worn)
Jewellery
 f - an amulet of faith (around neck)
Scrolls
 e - a scroll of fear {unknown}
 i - a scroll of identify {unknown}
Potions
 d - a potion of might {@q3}
 g - a potion of cancellation {unknown}
 h - 2 potions of curing {unknown}


   Skills:
 + Level 3.0 Fighting
 * Level 3.1 Axes
 + Level 3.7 Armour
 + Level 3.6 Shields


You had 2 spell levels left.
You didn't know any spells.
Your spell library was empty.

Dungeon Overview and Level Annotations

Branches:
Dungeon (4/15)
 Temple: D:4-7

Altars:


Innate Abilities, Weirdness & Mutations

You are resistant to damage.
You can heal yourself by infusing magical energy.
You passively map a small area around you.
You do not regenerate.


Message History

There is a stone staircase leading down here.
You climb downwards.
Found a shiny kite shield and 9 gold pieces.
There is a stone staircase leading up here.
Found a stone staircase leading up.
No target in view!
No target in view!
No target in view!
No target in view!
No target in view!
No target in view!
No target in view!
No target in view!
No target in view!
No target in view!
You see here a shiny kite shield.
You start removing your armour.
You continue taking off your +0 kite shield. x4
You finish taking off your +0 kite shield.
You start putting on your armour.
You continue putting on your shiny kite shield. x5
You finish putting on your +2 kite shield.
You now have 54 gold pieces (gained 9).
There is a stone staircase leading up here.
A jackal comes into view.
The jackal barks!
You hear a bark!
A jackal comes into view.
There are monsters nearby!
There are monsters nearby!
A jackal comes into view.
The jackal barks! x2
You closely miss the jackal. The jackal barely misses you.
You block the jackal's attack.
You closely miss the jackal. x2; You block the jackal's attack.
The jackal bites you but does no damage.
You block the jackal's attack. The jackal closely misses you.
You slash the jackal!
You kill the jackal!
You barely miss the jackal.
The jackal bites you but does no damage.
The jackal bites you. x2
You closely miss the jackal. You hit the jackal but do no damage.
You block the jackal's attack. x2; The jackal completely misses you.
You block the jackal's attack.
The jackal bites you but does no damage.
You closely miss the jackal. x2; The jackal barely misses you.
You block the jackal's attack. x2
The jackal bites you but does no damage.
You miss the jackal. You closely miss the jackal.
The jackal closely misses you.
The jackal bites you but does no damage.
The jackal closely misses you. You block the jackal's attack.
You hit the jackal but do no damage. You barely miss the jackal.
You block the jackal's attack.
The jackal bites you but does no damage. x3
You block the jackal's attack.
You slash the jackal!
You kill the jackal!
You hit the jackal but do no damage.
The jackal bites you but does no damage. x2
You closely miss the jackal. You block the jackal's attack. x2
You hit the jackal.
The jackal is almost dead.
You block the jackal's attack. The jackal barely misses you.
You hit the jackal but do no damage.
The jackal is almost dead.
The jackal bites you but does no damage. x2
You slash the jackal!
You kill the jackal!
No target in view!
You see here a jackal corpse.
You open the door.
An ogre comes into view. It is wielding a +0 giant spiked club.
The ogre shouts!
Found a stone staircase leading down.
An ogre is nearby!
Setting a skill training target for Shields at 15.0.
Drop what? 10/52 slots (_ for help) (? for menu, Esc to quit)
You drop a +0 kite shield.
You slash the ogre!
The ogre is moderately wounded.
The ogre hits you with a +0 giant spiked club!!
Ouch! That really hurt!
* * * LOW HITPOINT WARNING * * *
You are too injured to fight recklessly!
You are too injured to fight recklessly!
You are too injured to fight recklessly!
You are too injured to fight recklessly!
You are too injured to fight recklessly!
You are too injured to fight recklessly!
You are too injured to fight recklessly!
You are too injured to fight recklessly!
You are too injured to fight recklessly!
You are too injured to fight recklessly!
You are too injured to fight recklessly!
You are too injured to fight recklessly!
You are too injured to fight recklessly!
You fail to use your ability.
The ogre hits you with a +0 giant spiked club!
You die...

########## ########.....#
,
.........###.............
*
######..†##.###.........
* , ##..†.......#.......
#.....#.######.....# *
##...##.# #....##
##.###.######.##.# #.#
#......<.##.# #@#
###########.# #O# #.# *
*... #.# , ** .....* **
#.# , *.....>. ,* .# *
......... * * ,
+.........+ , ,, ,
#.........# ,* ,


You could see an ogre.

Vanquished Creatures
  2 adders (D:2)
  2 worms (D:2)
  A leopard gecko (D:2)
  A goblin (D:2)
  2 hobgoblins
  5 jackals
  2 quokkas
  A bat (D:1)
  A frilled lizard (D:2)
  3 kobolds (D:2)
  A rat (D:2)
21 creatures vanquished.

Notes
Turn   | Place    | Note
-------+----------+-------------------------------------------
     0 | D:1      | EnegeticOcto the Deep Dwarf Fighter began the quest for the
                  | Orb.
     0 | D:1      | Reached XP level 1. HP: 20/20 MP: 1/1
   104 | D:2      | Reached XP level 2. HP: 17/27 MP: 2/2
   278 | D:2      | Reached XP level 3. HP: 28/33 MP: 3/3
   468 | D:4      | Noticed an ogre
   471 | D:4      | Mangled by an ogre

Illustrated notes

Levels and vault maps discovered:
D:1:      saegor_arrival_simple_b, layout_rooms, serial_park_tiny_pond,
          kennysheep_boxes
D:2:      layout_loops_ring, kennysheep_okawaru_gauntlet
D:3:      layout_loops_cross, zin_purify
D:4:      layout_loops_corners, minmay_goblin_kobold_house

Skill      XL: |  1  2  3 |
---------------+----------+-----
Axes           | 3 |  3.1
Fighting       | 3 |  3.0
Armour         | |  3.7
Shields        | |  3.6

Action                   || total
-------------------------++-------
Melee: War axe           ||    84
 Abil: Heal Wounds       ||     1
Armor: Scale mail        ||    43
Dodge: Dodged            ||    34
Block: Kite shield       ||    50

Table legend: (Time is in decaauts)
 A = Elapsed time spent in this place.
 B = Non-inter-level travel time spent in this place.
 C = Inter-level travel time spent in this place.
 D = Time resting spent in this place.
 E = Time spent auto-exploring this place.
 F = Levels seen in this place.
 G = Mean time per level.
                   A        B        C        D        E       F      G
               +--------+--------+--------+--------+--------+-----+--------+
         Total |    507 |    482 |     25 |      0 |    260 |   4 |  126.8 |
       Dungeon |    507 |    482 |     25 |      0 |    260 |   4 |  126.8 |
               +--------+--------+--------+--------+--------+-----+--------+

Top non-repeatable levels by time:
     D:2: 399 daAuts
     D:4: 62 daAuts
     D:1: 36 daAuts
     D:3: 9 daAuts
